 Dungeon Crawl Stone Soup version 0.31.0-32-g396128a36d (webtiles) character file.

Game seed: 13040051622633138086

4120 abcdefg the Skirmisher (level 10, -5/79 HPs)
             Began as a Demonspawn Hunter on Mar 9, 2024.
             Slain by a vampire mosquito (9 damage)
             ... on level 9 of the Dungeon.
             The game lasted 00:32:45 (12319 turns).

abcdefg the Skirmisher (Demonspawn Hunter)         Turns: 12319, Time: 00:32:46

Health: -5/79      AC:  6    Str: 18    XL:     10   Next: 6%
Magic:  10/10      EV: 15    Int: 10    God:
Gold:   595        SH:  5    Dex: 26    Spells: 9/9 levels left

rFire   . . .        n - +0 arbalest
rCold   . . .        (shield currently unavailable)
rNeg    . . .        c - +1 leather armour
rPois   .            (no helmet)
rElec   .            (no cloak)
rCorr   .            (gloves unavailable)
SInv    .            (no boots)
Will    .....        s - amulet of reflection
Stlth   +++          h - +6 ring of strength
HPRegen 0.33/turn    K - +6 ring of dexterity
MPRegen 0.12/turn

%: reflection
@: no status effects
A: claws 3, rugged brown scales 2, powered by death 2
a: no special abilities


You were on level 9 of the Dungeon.
You visited 1 branch of the dungeon, and saw 9 of its levels.
You also visited: Ossuary.

You collected 595 gold pieces.

Inventory:

Hand Weapons
 a - a +1 shortbow
 i - a +0 orcbow
 n - a +0 arbalest (weapon)
Armour
 c - a +1 leather armour (worn)
 d - a +0 leather armour
 f - a +0 pair of gloves
 w - a +0 helmet
Magical Staves
 F - a staff of alchemy
Jewellery
 b - a ring of protection from cold
 h - a +6 ring of strength (left claw)
 m - a +5 ring of evasion
 s - an amulet of reflection (around neck)
 u - a +4 ring of protection
 y - a +4 ring of protection
 I - a ring of magical power
 K - a +6 ring of dexterity (right claw)
Wands
 r - a wand of polymorph (7)
 C - a wand of roots (6)
 E - a wand of mindburst (6)
Scrolls
 g - a scroll of poison
 o - a scroll of silence
 z - a scroll of acquirement {unknown}
 B - 2 scrolls of vulnerability
 H - a scroll of identify
 J - a scroll of noise
Potions
 e - 4 potions of brilliance
 j - 2 potions of ambrosia
 k - a potion of heal wounds
 l - 2 potions of cancellation
 p - 2 potions of mutation {unknown}
 q - 2 potions of magic
 t - a potion of enlightenment
 x - 4 potions of curing {unknown}
 A - a potion of haste {unknown}
 D - a potion of resistance {unknown}
 G - a potion of lignification {unknown}
 L - a potion of might {unknown}


   Skills:
 + Level 6.1 Fighting
 + Level 10.9 Ranged Weapons
 + Level 3.9 Armour
 + Level 4.2 Dodging
 + Level 2.7 Stealth
 + Level 2.0 Shields
 - Level 0.1 Unarmed Combat


You had 9 spell levels left.
You didn't know any spells.
Your spell library contained the following spells:

 Spells                   Type           Power      Damage    Failure   Level
 Sandblast                Erth           0%         2d4       41%         1
 Ensorcelled Hibernation  Hex/Ice        0%         N/A       56%         2
 Static Discharge         Conj/Air       0%         3-3/arc   56%         2
 Passwall                 Erth           0%         N/A       80%         3
 Stone Arrow              Conj/Erth      0%         3d7       80%         3
 Swiftness                Air            0%         N/A       80%         3
 Airstrike                Air            0%         2d(0-16)  99%         4
 Brom's Barrelling Bould  Conj/Erth      0%         2d3       99%         4
 Manifold Assault         Tloc           0%         N/A       99%         4
 Summon Lightning Spire   Summ/Air       0%         N/A       99%         4
 Fireball                 Conj/Fire      0%         3d3       100%        5
 Iskenderun's Battlesphe  Conj           0%         2d6       100%        5
 Conjure Ball Lightning   Conj/Air       0%         3x3d6     100%        6
 Dispersal                Tloc           0%         N/A       100%        6
 Orb of Destruction       Conj           0%         9d5       100%        7
 Disjunction              Tloc           0%         N/A       100%        8


Dungeon Overview and Level Annotations

Branches:
Dungeon (9/15)             Temple (0/1) D:7         Ossuary (visited)
   Lair: D:8-11         Orc: D:9-12

Altars:
Cheibriados
Kikubaaqudgha
Ru
Vehumet
Xom

Shops:
D:3 ([(!   D:6 !


Innate Abilities, Weirdness & Mutations

You have claws for hands.
You are mostly covered in rugged brown scales. (AC +2, +5% HP)
You regenerate health from kills.


Message History

You shoot a bolt. The bolt hits the vampire mosquito!!
You destroy the vampire mosquito!
The vampire mosquito bites you.
* * * LOW HITPOINT WARNING * * *
The vampire mosquito draws strength from your injuries!
The vampire mosquito bites you!
* * * LOW HITPOINT WARNING * * *
The vampire mosquito draws strength from your injuries!
Your Shields skill increases to level 2!
You feel much better.
The vampire mosquito barely misses you. x2
You shoot a bolt. The bolt hits the vampire mosquito!!
The vampire mosquito is almost destroyed.
You hear a howl!
The vampire mosquito bites you.
* * * LOW HITPOINT WARNING * * *
The vampire mosquito draws strength from your injuries!
The vampire mosquito bites you but does no damage.
You block the vampire mosquito's attack.
You hear an angry hiss.
You shoot a bolt.
The bolt barely misses the vampire mosquito.
The vampire mosquito bites you but does no damage.
The vampire mosquito bites you!
* * * LOW HITPOINT WARNING * * *
The vampire mosquito draws strength from your injuries!
A howler monkey comes into view.
The vampire mosquito bites you but does no damage.
You shoot a bolt.
The bolt closely misses the vampire mosquito.
The howler monkey howls!
The vampire mosquito misses you. The vampire mosquito bites you.
* * * LOW HITPOINT WARNING * * *
The vampire mosquito draws strength from your injuries!
You shoot a bolt.
The bolt closely misses the vampire mosquito.
The vampire mosquito bites you!
* * * LOW HITPOINT WARNING * * *
The vampire mosquito draws strength from your injuries!
The vampire mosquito bites you!
You die...

...........#......#......#.......
####.##....#......#......#.......
.. ##...#......#......#.......
.$. #..#......#......#....... .
#......#......'.......
..########......#..(....
...........)....#.......
..........#+#####.......
.......@..# #....... .......y†.#
#....... .....!....# #.......
..........# ....... ##########.
.h #.. ..h


You could see a vampire mosquito and 2 howler monkeys.

Vanquished Creatures
  A two-headed ogre (D:9)
  3 yaks (D:9)
  2 vampire mosquitoes (D:9)
  A water moccasin (D:7)
  A black bear (D:5)
  An orc warrior (D:7)
  An ice beast (D:4)
  A sky beast (D:7)
  2 ogres
  2 centaurs (D:6)
  2 phantoms
  5 bullfrogs
  4 scorpions
  6 wights (D:8)
  A howler monkey (D:5)
  3 bombardier beetles
  A hound (D:5)
  2 human zombies (Ossuary)
  4 orc priests
  5 iguanas
  Jessica (D:3)
  7 orc wizards
  2 hound zombies (Ossuary)
  5 adders
  10 gnolls
  A shadow imp (D:5)
  2 white imps (D:7)
  3 adder zombies (Ossuary)
  A ribbon worm (D:4)
  3 dart slugs
  26 orcs
  3 endoplasms
  3 giant cockroaches
  5 goblins
  6 hobgoblins
  8 jackals
  5 kobolds
  2 quokkas
  5 ball pythons
  6 bats
  5 frilled lizards
  2 jackal zombies (Ossuary)
  2 kobold zombies (Ossuary)
  5 rats
166 creatures vanquished.

Vanquished Creatures (others)
  A bombardier beetle (D:5)
1 creature vanquished.

Grand Total: 167 creatures vanquished

Notes
Turn   | Place    | Note
-------+----------+-------------------------------------------
     0 | D:1      | abcdefg the Demonspawn Hunter began the quest for the Orb.
     0 | D:1      | Reached XP level 1. HP: 16/16 MP: 1/1
   195 | D:1      | Reached skill level 4 in Ranged Weapons
   230 | D:1      | Reached skill level 1 in Stealth
   230 | D:1      | Gained mutation: You have sharp fingernails. [demonic
                  | ancestry]
   230 | D:1      | Reached XP level 2. HP: 20/22 MP: 2/2
   768 | D:2      | Gained mutation: You regenerate a little health from kills.
                  | [demonic ancestry]
   768 | D:2      | Reached XP level 3. HP: 20/27 MP: 3/3
  1485 | D:2      | Reached XP level 4. HP: 8/33 MP: 4/4
  1974 | D:3      | Found Afyirig's Antique Weapon Shop.
  1980 | D:3      | Found Cinor's Armour Emporium.
  2004 | D:3      | Reached skill level 5 in Ranged Weapons
  2004 | D:3      | Reached skill level 1 in Armour
  2128 | D:3      | Gained mutation: You are partially covered in rugged brown
                  | scales. (AC +1, +3% HP) [demonic ancestry]
  2128 | D:3      | Reached XP level 5. HP: 24/40 MP: 5/5
  2645 | D:3      | Found Iddoat's Weapon Emporium.
  2754 | D:3      | Found a sacrificial altar of Ru.
  2811 | D:3      | Found a faded altar of an unknown god.
  3102 | D:3      | Found Tosaap Saa's Distillery.
  3171 | D:3      | Noticed Jessica
  3175 | D:3      | Killed Jessica
  3591 | D:3      | Gained mutation: You have very sharp fingernails. [demonic
                  | ancestry]
  3591 | D:3      | Reached XP level 6. HP: 26/47 MP: 6/6
  4256 | D:4      | Noticed an ice beast
  4271 | D:4      | Killed an ice beast
  4272 | D:4      | Reached skill level 6 in Ranged Weapons
  4507 | D:4      | Reached XP level 7. HP: 49/53 MP: 7/7
  5093 | D:5      | Entered Level 5 of the Dungeon
  5123 | D:5      | Reached skill level 7 in Ranged Weapons
  5448 | D:5      | Found a sand-covered staircase.
  5458 | Ossuary  | Entered an ossuary
  5529 | Ossuary  | Reached skill level 1 in Shields
  5845 | D:5      | Gained mutation: You have claws for hands. [demonic
                  | ancestry]
  5845 | D:5      | Reached XP level 8. HP: 59/61 MP: 8/8
  5899 | D:5      | Reached skill level 8 in Ranged Weapons
  7529 | D:6      | Found Uxuptuc's Distillery.
  7549 | D:5      | HP: 3/61 [something (5)]
  8568 | D:6      | Reached skill level 9 in Ranged Weapons
  8648 | D:6      | Found a shimmering altar of Xom.
  8650 | D:6      | Found an ancient bone altar of Kikubaaqudgha.
  8861 | D:6      | Reached skill level 5 in Fighting
  9019 | D:7      | Found a staircase to the Ecumenical Temple.
  9319 | D:7      | Found a radiant altar of Vehumet.
  9321 | D:7      | Gained mutation: You are mostly covered in rugged brown
                  | scales. (AC +2, +5% HP) [demonic ancestry]
  9321 | D:7      | Reached XP level 9. HP: 61/71 MP: 9/9
  9966 | D:8      | Found a snail-covered altar of Cheibriados.
 10994 | D:8      | Reached skill level 10 in Ranged Weapons
 11163 | D:9      | Noticed a two-headed ogre
 11176 | D:9      | Killed a two-headed ogre
 11795 | D:9      | HP: 2/72 [yak (11)]
 12300 | D:9      | Gained mutation: You regenerate health from kills. [demonic
                  | ancestry]
 12300 | D:9      | Reached XP level 10. HP: 79/79 MP: 10/10
 12314 | D:9      | HP: 2/79 [vampire mosquito (10)]
 12319 | D:9      | Slain by a vampire mosquito

Illustrated notes

Levels and vault maps discovered:
D:1:      mushboom_english_gardens, layout_loops_ring
D:2:      layout_basic, serial_forest, infiniplex_forest_straight_2,
          infiniplex_forest_straight_2, infiniplex_forest_clump_small,
          infiniplex_forest_lined_corner, infiniplex_forest_straight_2,
          infiniplex_forest_clump_diagonal, minmay_bisected
D:3:      layout_basic, nicolae_ru_path_of_blood, serial_shops,
          nicolae_shop_back_alley_shop, shop, nicolae_shop_tiny_statue_garden,
          shop, chequers_ecumenical_altar_simple, uniq_jessica
D:4:      layout_cave_pods, minmay_small_thing
D:5:      layout_loops_corners, enter_ossuary_1
D:6:      layout_gridville, nicolae_overflow_hidden_temple,
          mainiacjoe_overflow_concentric_impassable, serial_shops,
          nicolae_shop_industrial_runoff, minmay_pentangle
D:7:      layout_cave_pods, nicolae_vehumet_radiance,
          minmay_temple_entry_statues, serial_rivers,
          chequers_serial_rivers_micro_b, chequers_serial_rivers_micro_b,
          chequers_serial_rivers_marsh, chequers_serial_rivers_small_a
D:8:      layout_basic, amcnicky_altar_gilded
D:9:      layout_gridville, lemuel_round_altar, mainiacjoe_overflow_alcove_1,
          nemelex_xobeh_ov_fountains_minmay

Skill      XL: |  1  2  3  4  5  6  7  8  9 10 |
---------------+-------------------------------+-----
Ranged Weapons | 4 5 6 7 9 10 | 10.9
Stealth        | 1 2 |  2.7
Dodging        | 2 3 4 |  4.2
Armour         | 1 2 3 |  3.9
Fighting       | 3 5 6 |  6.1
Shields        | 1 2 |  2.0
Unarmed Combat | |  0.1

Action                     |  1- 3 |  4- 6 |  7- 9 | 10-12 || total
---------------------------+-------+-------+-------+-------++-------
  Melee: Unarmed           |       |       |    11 |       ||    11
         Arbalest          |       |       |     3 |       ||     3
   Fire: Shortbow          |   100 |   196 |   248 |       ||   544
         Arbalest          |       |       |   206 |    18 ||   224
    Use: Scroll            |       |       |    27 |       ||    27
         Potion            |       |       |     1 |     2 ||     3
 Armour: Leather armour    |    40 |    79 |   282 |    36 ||   437
  Dodge: Dodged            |    49 |    81 |   313 |    29 ||   472
  Block: Other             |       |    19 |    88 |     9 ||   116
         Reflection        |       |       |     4 |       ||     4
